 Dungeon Sprint DCSS version 0.29.1-2-gbd0b4ee654 (webtiles) character file.

Game seed: 15324940267119318986

4 Zeld the Chopper (level 1, -27/30 HPs)
             Began as a Minotaur Berserker on Oct 29, 2022.
             Was a Follower of Trog.
             Killed from afar by a deep elf zephyrmancer (31 damage)
             ... with a bolt of lightning
             ... in the Dungeon (Sprint VII: "The Pits").
             The game lasted 00:00:05 (24 turns).

Zeld the Chopper (Minotaur Berserker)                 Turns: 24, Time: 00:00:05

Health: -27/30     AC:  2    Str: 21    XL:     1   Next: 50%
Magic:  0/0        EV: 12    Int:  4    God:    Trog [*.....]
Gold:   0          SH:  0    Dex:  9    Spells: 0/0 levels left

rFire   . . .      SeeInvis .   a - +0 hand axe
rCold   . . .      Faith    .   (no shield)
rNeg    . . .      Spirit   .   b - +0 animal skin
rPois   .          Reflect  .   (helmet restricted)
rElec   .          Harm     .   (no cloak)
rCorr   .          Rampage  .   (no gloves)
Will    .....      NoTele   +   (no boots)
Stlth   ..........              (no amulet)
HPRegen 0.10/turn               (no ring)
MPRegen 0.07/turn               (no ring)

@: berserking (expiring), very quick
A: horns 2, retaliatory headbutt
a: Renounce Religion, Berserk


You were in the Dungeon.
You worshipped Trog.
Trog was aware of your devotion.
You visited 1 branch

Inventory:

Hand Weapons
 a - a +0 hand axe (weapon)
Armour
 b - a +0 animal skin (worn)
Scrolls
 h - a scroll of blinking
Potions
 c - a potion of curing
 d - a potion of heal wounds
 e - a potion of haste
 f - 2 potions of magic
 g - a potion of berserk rage


   Skills:
 + Level 4.0 Fighting
 * Level 4.3 Axes
 + Level 2.9 Armour
 + Level 2.6 Dodging


You couldn't memorise any spells.
You didn't know any spells.
Your spell library was empty.

Dungeon Overview and Level Annotations

Branches:
Dungeon (1/1)

Altars:


Innate Abilities, Weirdness & Mutations

You have a pair of horns on your head.
You reflexively headbutt those who attack you in melee.


Message History

There is a huge open gate to the Metal Vault (Medium) here.
You open the large door.
An adder skeleton, a wyvern and a deep elf zephyrmancer come into view.
The deep elf zephyrmancer shouts!
The wyvern hisses angrily.
A red film seems to cover your vision as you go berserk!
You feel yourself moving faster!
You feel mighty!
You barely miss the adder skeleton. The adder skeleton barely misses you.
You closely miss the wyvern. You hit the adder skeleton.
The adder skeleton misses you. You furiously retaliate!
You headbutt the adder skeleton!
You destroy the adder skeleton!
Trog accepts your kill. The wyvern bites you!
Ouch! That really hurt!
Your Fighting skill increases to level 4!
Your Axes skill increases to level 4!
You are too injured to fight recklessly!
Unknown command.
You are too injured to fight recklessly!
Unknown command.
You closely miss the wyvern. The wyvern bites you!
* * * LOW HITPOINT WARNING * * *
Unknown command.
You hit the wyvern but do no damage. You headbutt the wyvern!
The wyvern is moderately wounded.
The wyvern misses you.
Unknown command.
You hit the deep elf zephyrmancer.
Your headbutt misses the deep elf zephyrmancer.
The deep elf zephyrmancer is lightly wounded.
You closely miss the wyvern.
The wyvern bites you but does no damage.
Unknown command.
You barely miss the deep elf zephyrmancer.
The deep elf zephyrmancer is lightly wounded.
You slash the wyvern! The wyvern barely misses you.
The deep elf zephyrmancer gestures at you while chanting.
The bolt of lightning hits you!!
Ouch! That really hurt!
You die...

#................+
+................+
#......#..#......#
#................#
####'#####''######
#.......##''#####
#.......##......#
#.......##......#
#...<...###.@..##
#.......# ##el##
#.......# ....#
#.......# ......#
##########......+
#......# ##....##
##++##


You could see a deep elf zephyrmancer and a wyvern.

Vanquished Creatures
  An adder skeleton (D)
1 creature vanquished.

Notes
Turn   | Place    | Note
-------+----------+-------------------------------------------
     0 | D        | Zeld the Minotaur Berserker began the quest for the Orb.
     0 | D        | Reached XP level 1. HP: 19/19 MP: 0/0
    17 | D        | Noticed a wyvern
    17 | D        | Noticed a deep elf zephyrmancer
    24 | D        | Killed from afar by a deep elf zephyrmancer

Illustrated notes

Levels and vault maps discovered:
D:        pitsprint [storerooms_1, entrance_room_1, metal_vault_2, armoury_3,
          mini_pit_1, grid_room_1, main_hall_1, silver_pit, the_coven_2,
          the_vestibule_1, steel_vault_5, golden_pit, hallway_of_sentries,
          crystal_vault_3, iron_vault_1, final_vault]

Skill      XL: |  1 |
---------------+----+-----
Fighting       | 4 |  4.0
Axes           | 4 |  4.3
Armour         | |  2.9
Dodging        | |  2.6

Action                   || total
-------------------------++-------
Melee: Hand axe          ||     6
       Headbutt          ||     1
Invok: Berserk           ||     1
Armor: Animal skin       ||     1
Dodge: Dodged            ||     4
